 Dungeon Crawl Stone Soup version 0.19.1 (webtiles) character file.

276 Host24 the Ducker (level 6, -4/40 HPs)
             Began as a Kobold Hunter on Dec 26, 2016.
             Slain by Host24's ghost (8 damage)
             ... in an ossuary.
             The game lasted 00:07:04 (3145 turns).

Host24 the Ducker (Kobold Hunter)                   Turns: 3145, Time: 00:07:04

Health: -4/40      AC:  3    Str:  9    XL:     6   Next: 50%
Magic:  6/6        EV: 19    Int: 17    God:
Gold:   130        SH:  0    Dex: 18    Spells: 0 memorised, 5 levels left

rFire  + . .     SeeInvis .     a - +1 hand crossbow
rCold  . . .     Gourm    .     x - +0 robe
rNeg   . . .     Faith    .     (shield restricted)
rPois  .         Spirit   .     (no helmet)
rElec  .         Reflect  .     (no cloak)
rCorr  .         Harm     .     m - +0 pair of gloves
MR     .....                    (no boots)
Stlth  ++........               (no amulet)
                                (no ring)
                                r - ring of protection from fire

@: brilliant
A: carnivore 3
a: no special abilities


You were in an ossuary.
You were very full.

You visited 1 branch of the dungeon, and saw 4 of its levels.
You also visited: Ossuary.

You collected 130 gold pieces.

Inventory:

Hand Weapons
 a - a +1 hand crossbow (weapon)
 b - a +0 short sword
Missiles
 d - 17 bolts (quivered)
 e - 19 stones
 g - 81 arrows
 h - 21 sling bullets
Armour
 m - a +0 pair of gloves (worn)
 x - a +0 robe (worn)
Jewellery
 i - an uncursed ring of wizardry
 r - a ring of protection from fire (left hand)
Scrolls
 j - 3 scrolls of remove curse
 n - 2 scrolls of enchant armour {unknown}
 p - a scroll of blinking {unknown}
 q - a scroll of teleportation {unknown}
 t - 2 scrolls of identify {unknown}
 w - a scroll of noise {unknown}
Potions
 l - a potion of haste {unknown}
 o - a potion of cure mutation {unknown}
 s - a potion of flight {unknown}
 v - a potion of mutation {unknown}
Comestibles
 f - 2 meat rations


   Skills:
 - Level 5.0 Fighting
 - Level 4.8 Crossbows
 + Level 5.9 Dodging
 - Level 1.3 Stealth


You had 5 spell levels left.
You didn't know any spells.

Dungeon Overview and Level Annotations

Branches:
Dungeon (4/15)
 Temple: D:4-7

Altars:
Ru
Uskayaw

Annotations:
Ossuary Host24's ghost, novice KoHu


Innate Abilities, Weirdness & Mutations

You are small and have problems with some larger weapons.
You are carnivorous and can eat meat at any time.


Message History

Firing (i - inventory. (,) - cycle):
d - 19 bolts (quivered)
Press: ? - help, Shift-Dir - straight line, f/p - mummy
Aim: a mummy (moderately damaged)
You shoot a bolt.
The bolt hits the mummy but does no damage.
The mummy is moderately damaged.
Host24's ghost barely misses you. The mummy barely misses you.
Firing (i - inventory. (,) - cycle):
d - 18 bolts (quivered)
Press: ? - help, Shift-Dir - straight line, f/p - mummy
Aim: a mummy (moderately damaged)
You shoot a bolt.
The bolt hits the mummy but does no damage.
The mummy is moderately damaged.
Host24's ghost hits you!
* * * LOW HITPOINT WARNING * * *
The mummy misses you. Host24's ghost misses you.
It was a potion of brilliance.
You feel clever all of a sudden. Host24's ghost hits you!
You die...

#########
###.......#+#+#
##((............
#...(..M........
#.....∩(@^......
#......W........
##..............
###.......#+#+#
#########


You could see a mummy and Host24's ghost.

Vanquished Creatures
  2 orc priests
  An orc wizard (D:4)
  A worker ant (D:3)
  2 mummies (Ossuary)
  5 adders
  2 worms (D:2)
  3 dart slugs
  2 leopard geckos (D:3)
  10 orcs
  3 giant cockroaches
  2 goblins
  7 hobgoblins
  5 jackals
  A quokka (D:2)
  6 bats
  A frilled lizard (D:3)
  9 kobolds
  24 rats
86 creatures vanquished.

Notes
Turn   | Place    | Note
-------+----------+-------------------------------------------
     0 | D:1      | Host24 the Kobold Hunter began the quest for the Orb.
     0 | D:1      | Reached XP level 1. HP: 12/12 MP: 1/1
    87 | D:1      | Reached XP level 2. HP: 11/18 MP: 2/2
   566 | D:1      | Reached XP level 3. HP: 11/23 MP: 3/3
  1143 | D:2      | Reached XP level 4. HP: 29/30 MP: 4/4
  1150 | D:2      | Found a sacrificial altar of Ru.
  1155 | D:2      | Found a hide-covered altar of Uskayaw.
  1634 | D:3      | Reached skill level 5 in Fighting
  2040 | D:3      | Reached XP level 5. HP: 20/35 MP: 5/5
  2877 | D:4      | Reached skill level 5 in Dodging
  2877 | D:4      | Reached XP level 6. HP: 7/40 MP: 6/6
  2902 | D:4      | Found a sand-covered staircase.
  3127 | Ossuary  | Entered an ossuary
  3127 | Ossuary  | Noticed Host24's ghost (novice KoHu)
  3145 | Ossuary  | Slain by Host24's ghost

Skill      XL: |  1  2  3  4  5 |
---------------+----------------+-----
Fighting       | 3 4 5 |  5.0
Dodging        | 3 5 |  5.9
Crossbows      | |  4.8
Stealth        | |  1.3

Action                   |  1- 3 |  4- 6 || total
-------------------------+-------+-------++-------
Melee: Short sword       |   102 |   198 ||   300
 Fire: Hand crossbow     |     6 |    42 ||    48
  Use: Scroll            |     2 |       ||     2
       Potion            |     1 |     1 ||     2
 Stab: Sleeping          |     2 |     3 ||     5
  Eat: Chunk             |     9 |     6 ||    15
Armor: Leather armour    |    19 |    36 ||    55
       Robe              |       |     9 ||     9
Dodge: Dodged            |    69 |   212 ||   281
